 Dungeon Crawl Stone Soup version 0.31.0-32-g396128a36d (webtiles) character file.

Game seed: 1275031863377707982

56 mparten the Magician (level 4, -1/31 HPs)
             Began as a Djinni Fire Elementalist on Mar 31, 2024.
             Engulfed by a cloud of flame (5 damage)
             ... on level 2 of the Dungeon.
             The game lasted 00:02:55 (1228 turns).

mparten the Magician (Djinni Fire Elementalist)     Turns: 1228, Time: 00:02:55

Health: -1/31      AC:  2    Str:  7    XL:     4   Next: 17%
Gold:   69         EV: 13    Int: 19    God:
                   SH:  0    Dex: 13

rFire   + + .        k - +2 dagger (elec)
rCold   x . .        (no shield)
rNeg    . . .        a - +0 robe
rPois   ∞            (no helmet)
rElec   .            (no cloak)
rCorr   .            (no gloves)
SInv    .            (boots unavailable)
Will    .....        (no amulet)
Stlth   ++           (no ring)
HPRegen 0.25/turn    (no ring)
MPRegen 0.00/turn

%: infuse magic (-2 HP)
@: flying
A: sickness immunity, fire resistance 2, cold vulnerability 1, float, innate
caster, HP casting, extra vitality 1
a: no special abilities


You were on level 2 of the Dungeon.
You visited 1 branch of the dungeon, and saw 2 of its levels.

You collected 69 gold pieces.

Inventory:

Hand Weapons
 k - a +2 dagger of electrocution (weapon)
Armour
 a - a +0 robe (worn)
Jewellery
 i - a +6 ring of intelligence
Scrolls
 b - a scroll of noise {unknown}
 c - a scroll of blinking {unknown}
 d - 2 scrolls of identify {unknown}
 e - a scroll of teleportation {unknown}
 f - 2 scrolls of vulnerability {unknown}
Potions
 g - a potion of mutation {unknown}
 h - a potion of brilliance {unknown}
 j - a potion of haste {unknown}


   Skills:
 + Level 3.1 Dodging
 - Level 1.5 Stealth
 * Level 3.9 Spellcasting
 * Level 3.9 Conjurations
 * Level 3.9 Hexes
   Level 0.0 Charms
 * Level 3.9 Summonings
 * Level 3.9 Necromancy
 * Level 3.9 Translocations
   Level 0.0 Transmutations
 * Level 3.9 Fire Magic
 * Level 3.9 Ice Magic
 * Level 3.9 Air Magic
 * Level 3.9 Earth Magic
 * Level 3.9 Alchemy


You knew the following spells:

 Your Spells              Type           Power      Damage    Failure   Level
a - Foxfire               Conj/Fire      72%        2x1d7     2%          1
b - Scorch                Fire           36%        2d6       4%          2
c - Volatile Blastmotes   Fire/Tloc      36%        2d13      9%          3
d - Inner Flame           Hex/Fire       18%        N/A       9%          3
e - Flame Wave            Conj/Fire      18%        2d7       28%         4
f - Sting                 Conj/Alch      72%        1d7       2%          1
Your spell library was empty.

Dungeon Overview and Level Annotations

Branches:
Dungeon (2/15)

Altars:

Annotations:
D:2 Robin


Innate Abilities, Weirdness & Mutations

You are immune to sickness and miasma.
You are immune to poison.
Your flesh is very heat resistant. (rF++)
You are vulnerable to cold. (rC-)
You float through the air rather than walking.
You learn spells naturally, not from books.
Your magical power is your life essence.
You have superior vitality. (+4 MHP)


Message History

You take 1 damage, and have 30/31 hp.
Casting: Scorch (safe; 4% risk of failure)
Confirm with . or Enter, or press ? or * to list all spells.
Aiming: Inner Flame (quite dangerous; 9% risk of failure)
Press: ? - help, Dir - move target, f - goblin
Aim: a goblin, wielding a +0 dagger (strong, chance to affect: 85%)
The goblin is filled with an inner flame.
The bat hits you but does no damage. Robin throws the goblin at you!
You take 3 damage, and have 27/31 hp.
Casting: Inner Flame (quite dangerous; 9% risk of failure)
Confirm with . or Enter, or press ? or * to list all spells.
Aiming: Sting (safe; 2% risk of failure)
Press: ? - help, Shift-Dir - straight line, f/p - goblin
Aim: a goblin, wielding a +0 dagger (inner flame, strong, 67% to hit)
Okay, then.
Casting: Sting (safe; 2% risk of failure)
Confirm with . or Enter, or press ? or * to list all spells.
Okay, then.
Casting: Sting (safe; 2% risk of failure)
Confirm with . or Enter, or press ? or * to list all spells.
Flames lash the hobgoblin.
You kill the hobgoblin!
The bat closely misses you. x2; The goblin hits you with a +0 club.
You take 8 damage, and have 19/31 hp.
MASSIVE DAMAGE!!
Casting: Scorch (safe; 4% risk of failure)
Confirm with . or Enter, or press ? or * to list all spells.
Flames lash the bat.
You kill the bat!
The goblin hits you with a +0 club.
You take 7 damage, and have 12/31 hp.
MASSIVE DAMAGE!!
Casting: Scorch (safe; 4% risk of failure)
Confirm with . or Enter, or press ? or * to list all spells.
Flames lash the goblin.
The goblin explodes!
The fiery explosion engulfs the goblin!!!
You kill the goblin!
The fiery explosion engulfs you. You resist.
* * * LOW HITPOINT WARNING * * *
You are engulfed in blazing flames.
You resist.
You die...

###.....# .. ##.#.##
#......... #########..##
#....#### #...........#
########
#..####.#####...#.# ...
...........##.###+###
.... .#####.##.##.##....#
...?. #.##....##....#
....gg#####.#...........#
.)g.gg§§@g..#...####....#
..!g.g#######..># #....#
##### #.#.# ###### #...#
#####


You could see Robin, 2 hobgoblins and 5 goblins.

Vanquished Creatures
  Jessica (D:1)
  An adder (D:2)
  A dart slug (D:2)
  2 endoplasms (D:2)
  A giant cockroach (D:1)
  3 goblins (D:2)
  A hobgoblin (D:2)
  3 jackals (D:2)
  3 ball pythons
  A bat (D:2)
  2 frilled lizards (D:1)
  A kobold (D:2)
  2 rats (D:2)
22 creatures vanquished.

Vanquished Creatures (others)
  23 foxfires
23 creatures vanquished.

Grand Total: 45 creatures vanquished

Notes
Turn   | Place    | Note
-------+----------+-------------------------------------------
     0 | D:1      | mparten the Djinni Fire Elementalist began the quest for
                  | the Orb.
     0 | D:1      | mparten set off with the following spells memorised:
                  | Foxfire, Scorch, Volatile Blastmotes, Inner Flame, Flame
                  | Wave.
     0 | D:1      | Reached XP level 1. HP: 15/15 MP: 0/0
   796 | D:2      | Reached XP level 2. HP: 18/21 MP: 0/0
   801 | D:2      | Noticed Jessica
   894 | D:1      | Killed Jessica
   895 | D:1      | Reached XP level 3. HP: 6/25 MP: 0/0
   895 | D:1      | Learned a level 1 spell: Sting
  1127 | D:2      | Reached XP level 4. HP: 29/31 MP: 0/0
  1223 | D:2      | Noticed Robin
  1228 | D:2      | Engulfed by a cloud of flame

Illustrated notes

Levels and vault maps discovered:
D:1:      minmay_arrival_loop, layout_basic, chequers_serial_rivers_micro_a
D:2:      layout_basic, uniq_jessica, uniq_robin

Skill      XL: |  1  2  3 |
---------------+----------+-----
Dodging        | 3 |  3.1
Stealth        | |  1.5
Spellcasting   | |  3.9
Conjurations   | |  3.9
Hexes          | |  3.9
Summonings     | |  3.9
Necromancy     | |  3.9
Translocations | |  3.9
Fire Magic     | |  3.9
Ice Magic      | |  3.9
Air Magic      | |  3.9
Earth Magic    | |  3.9
Alchemy        | |  3.9

Action                     |  1- 3 |  4- 6 || total
---------------------------+-------+-------++-------
  Melee: Unarmed           |     3 |       ||     3
   Cast: Foxfire           |    19 |       ||    19
         Sting             |     6 |       ||     6
         Scorch            |     4 |     8 ||    12
         Inner Flame       |       |     1 ||     1
 Armour: Robe              |    10 |     6 ||    16
  Dodge: Dodged            |     7 |     3 ||    10
